 Dungeon Crawl Stone Soup version 0.23.2-1-ga50397a (webtiles) character file.

Game seed: 11326554757033408778

994 IBeShadow the Sneak (level 8, -2/54 HPs)
             Began as an Octopode Transmuter on May 21, 2019.
             Slain by Duvessa
             ... wielding a +0 short sword
              (7 damage)
             ... on level 4 of the Dungeon.
             The game lasted 00:07:51 (4934 turns).

IBeShadow the Sneak (Octopode Transmuter)           Turns: 4934, Time: 00:07:52

Health: -2/54      AC:  1    Str: 11    XL:     8   Next: 19%
Magic:  16/23      EV: 19    Int: 21    God:
Gold:   188        SH:  0    Dex: 12    Spells: 12/15 levels left

rFire    . . .     SeeInvis .     - Unarmed
rCold    . . .     Gourm    .   (no shield)
rNeg     . . .     Faith    .   (helmet restricted)
rPois    .         Spirit   .   (no amulet)
rElec    .         Reflect  .   i - +6 ring of evasion
rCorr    .         Harm     .   o - ring of magical power
MR       .....     Rnd*Rage +   (no ring)
Stlth    ++++......             (no ring)
HPRegen  0.18/turn              (no ring)
MPRegen  0.18/turn              (no ring)
                                (no ring)
                                (no ring)

@: brilliant
A: almost no armour, stealthy swim, amphibious, 8 rings, constrict 8, camouflage
1, berserk 1, blink, sense surroundings 1, gelatinous body 1
a: Blink


You were on level 4 of the Dungeon.
You were not hungry.

You visited 1 branch of the dungeon, and saw 4 of its levels.

You collected 188 gold pieces.

Inventory:

Missiles
 a - 17 arrows
Armour
 b - a +0 shield
 p - a +0 buckler
Jewellery
 i - a +6 ring of evasion (left tentacle)
 o - a ring of magical power (right tentacle)
Scrolls
 d - a scroll of fear {unknown}
 e - 3 scrolls of enchant weapon {unknown}
 f - 2 scrolls of noise {unknown}
 g - 3 scrolls of teleportation {unknown}
 h - 3 scrolls of remove curse {unknown}
 j - 2 scrolls of blinking {unknown}
 k - 4 scrolls of identify {unknown}
 l - 2 scrolls of immolation {unknown}
 m - 2 scrolls of amnesia {unknown}
 s - a scroll of magic mapping {unknown}
 x - 3 scrolls of enchant armour {unknown}
Potions
 q - a potion of invisibility {unknown}
 r - a potion of heal wounds {unknown}
 t - a potion of flight {unknown}
 u - a potion of agility {unknown}
 v - a potion of brilliance
 w - a potion of lignification
Comestibles
 c - 11 rations


   Skills:
 + Level 3.9 Fighting
 - Level 2.0 Dodging
 + Level 5.5 Stealth
 + Level 1.2 Shields
 + Level 5.0 Unarmed Combat
 + Level 4.1 Spellcasting
 + Level 4.4 Transmutations


You had 12 spell levels left.
You knew the following spells:

 Your Spells              Type           Power        Failure   Level  Hunger
a - Beastly Appendage     Tmut           #####.       1%          1    None
b - Sticks to Snakes      Tmut           #####...     1%          2    #......

Your spell library contained the following spells:

 Spells                   Type           Power        Failure   Level  Hunger
 Magic Dart               Conj           ###.         1%          1    None
 Spider Form              Tmut/Pois      ####......   1%          3    ###....
 Blink                    Tloc           N/A          2%          2    #......
 Call Imp                 Summ           ###.....     2%          2    #......
 Slow                     Hex            ###.....     2%          2    #......
 Conjure Flame            Conj/Fire      ###.....     4%          3    ###....
 Mephitic Cloud           Conj/Pois/Air  ###.....     4%          3    ###....
 Ice Form                 Ice/Tmut       ####....     5%          4    ####...
 Blade Hands              Tmut           #####.....   6%          5    ######.


Dungeon Overview and Level Annotations

Branches:
Dungeon (4/15)
 Temple: D:4-7

Altars:

Annotations:
D:4 3 runed translucent doors, Duvessa; IBeShadow's ghost, amateur TrMo; frimble's ghost, amateur HOFi; hawkwood's ghost, amateur MiGl


Innate Abilities, Weirdness & Mutations

You cannot wear most types of armour.
You are very stealthy in the water. (Stealth+)
You are amphibious.
You can wear up to eight rings at the same time.
You can use your tentacles to constrict eight enemies at once.
Your skin changes colour to match your surroundings (Stealth+).
Your rubbery body absorbs attacks. (AC +1, EV +1)
You tend to lose your temper in combat.
You can translocate small distances at will.
You passively map a small area around you.


Message History

You swap places.
Your ball python bites Duvessa.
Your ball python constricts Duvessa.
Duvessa hits your adder with a +0 short sword!
Your adder dies!
The iguana barely misses your ball python.
Your ball python bites Duvessa but does no damage.
Your ball python constricts Duvessa.
Duvessa struggles to escape constriction.
Duvessa escapes!
Casting: Sticks to Snakes (safe; 4% risk of failure)
Confirm with . or Enter, or press ? or * to list all spells.
You create a snake!
You now have 17 arrows.
Duvessa hits you with a +0 short sword!
* * * LOW HITPOINT WARNING * * *
Unknown command.
Your adder barely misses Duvessa.
It was a potion of brilliance.
You feel clever all of a sudden. Duvessa hits you with a +0 short sword!
You die...

#........## *.# ,
#......### ,. * * * *
####.### , . ####.###
* , * .......#
.###.#.# * , ,*#..#.#
* * ,
#.##.##############
.##.##.......#Se@...#
.......#####.#S####.#
* ##.#.#.#####.#.#..
, *.###.....##.#l#)#
,**
,#.#.##.##.#.#.##.#
#.##.##..)........#
## #.......########
#########


You could see Duvessa (berserk), a friendly adder and a friendly ball python.

Vanquished Creatures
  Grinder (D:3)
  Sigmund (D:3)
  Eustachio (D:4)
  An orc warrior (D:4)
  Dowan (D:4)
  A hound (D:4)
  3 orc priests (D:4)
  An iguana (D:4)
  An orc wizard (D:4)
  8 adders
  2 river rats (D:3)
  3 worms
  3 dart slugs
  2 leopard geckos
  12 orcs
  7 giant cockroaches
  6 goblins
  7 hobgoblins
  14 jackals
  8 kobolds
  A ball python (D:1)
  9 bats
  4 frilled lizards
  27 rats
124 creatures vanquished.

Vanquished Creatures (collateral kills)
  A frilled lizard (D:2)
1 creature vanquished.

Grand Total: 125 creatures vanquished

Notes
Turn   | Place    | Note
-------+----------+-------------------------------------------
     0 | D:1      | IBeShadow the Octopode Transmuter began the quest for the
                  | Orb.
     0 | D:1      | Reached XP level 1. HP: 13/13 MP: 3/3
    24 | D:1      | Reached XP level 2. HP: 15/18 MP: 5/5
    34 | D:1      | Reached skill level 1 in Stealth
   402 | D:1      | Reached XP level 3. HP: 11/23 MP: 6/6
  1381 | D:2      | You fall through a shaft!
  1395 | D:3      | Reached XP level 4. HP: 19/29 MP: 7/7
  1412 | D:3      | HP: 1/29 [jackal (1)]
  1413 | D:3      | Gained mutation: You can translocate small distances at
                  | will. [potion of mutation]
  1413 | D:3      | Gained mutation: You are dopey. (Int -2) [potion of
                  | mutation]
  1413 | D:3      | Gained mutation: Your spells are a little harder to cast,
                  | but a little more powerful. [potion of mutation]
  1421 | D:3      | Lost mutation: Your spells are a little harder to cast, but
                  | a little more powerful. [potion of mutation]
  1421 | D:3      | Lost mutation: You are dopey. (Int -2) [potion of mutation]
  1421 | D:3      | Gained mutation: You tend to lose your temper in combat.
                  | [potion of mutation]
  1421 | D:3      | Gained mutation: You passively map a small area around you.
                  | [potion of mutation]
  1872 | D:3      | Learned a level 2 spell: Sticks to Snakes
  1894 | D:3      | Noticed Sigmund
  1906 | D:3      | Killed Sigmund
  1906 | D:3      | Reached XP level 5. HP: 15/35 MP: 7/9
  1906 | D:3      | Reached XP level 6. HP: 18/41 MP: 7/10
  2487 | D:3      | Noticed Grinder
  2499 | D:3      | Killed Grinder
  2499 | D:3      | Reached XP level 7. HP: 29/46 MP: 10/12
  3493 | D:4      | Found a runed translucent gate.
  3493 | D:4      | Found a runed translucent gate.
  3494 | D:4      | Found a runed translucent gate.
  3495 | D:4      | Noticed hawkwood's ghost (amateur MiGl)
  3495 | D:4      | Noticed frimble's ghost (amateur HOFi)
  3495 | D:4      | Noticed IBeShadow's ghost (amateur TrMo)
  3572 | D:4      | HP: 3/69 [something/magic dart (4)]
  4495 | D:4      | Reached skill level 5 in Stealth
  4643 | D:4      | Noticed Eustachio
  4652 | D:4      | Killed Eustachio
  4652 | D:4      | Reached skill level 1 in Shields
  4652 | D:4      | Reached XP level 8. HP: 34/54 MP: 14/14
  4849 | D:4      | Reached skill level 5 in Unarmed Combat
  4914 | D:4      | Noticed Duvessa
  4914 | D:4      | Noticed Dowan
  4920 | D:4      | Killed Dowan
  4934 | D:4      | Slain by Duvessa

Skill      XL: |  1  2  3  4  5  6  7  8 |
---------------+-------------------------+-----
Stealth        | 1 3 4 5 |  5.5
Fighting       | 2 3 |  3.9
Spellcasting   | 3 4 |  4.1
Transmutations | 3 4 |  4.4
Unarmed Combat | 4 5 |  5.0
Shields        | 1 |  1.2
Dodging        | |  2.0

Action                   |  1- 3 |  4- 6 |  7- 9 || total
-------------------------+-------+-------+-------++-------
Melee: Unarmed           |   111 |    93 |   126 ||   330
       Constrict         |    28 |    22 |    30 ||    80
       Punch             |     4 |     1 |     3 ||     8
       Tentacles         |    11 |    16 |    19 ||    46
       Kick              |       |     1 |       ||     1
 Cast: Beastly Appendage |       |     1 |       ||     1
       Sticks to Snakes  |       |       |    11 ||    11
 Abil: Blink             |       |       |     1 ||     1
  Use: Potion            |       |     4 |     3 ||     7
 Stab: Sleeping          |    11 |     7 |    11 ||    29
  Eat: Chunk             |     2 |     3 |     8 ||    13
Armor: Skin              |     5 |     4 |     8 ||    17
Dodge: Dodged            |    80 |    88 |   119 ||   287
